 Dungeon Crawl Stone Soup version 0.27.1-3-gb3d3a73c9e (webtiles) character file.

Game seed: 17538406273748089863

98 styxcanada the Covert (level 4, -3/23 HPs)
             Began as a Spriggan Brigand on Oct 6, 2021.
             Slain by a mummy (12 damage)
             ... in an ossuary.
             The game lasted 00:09:10 (2545 turns).

styxcanada the Covert (Spriggan Brigand)            Turns: 2545, Time: 00:09:11

Health: -3/23      AC:  3    Str:  7    XL:     4   Next: 44%
Magic:  5/5        EV: 17    Int: 12    God:
Gold:   14         SH:  0    Dex: 17    Spells: 3/3 levels left

rFire    . . .     SeeInvis +   a - +2 dagger
rCold    . . .     Faith    .   (shield restricted)
rNeg     . . .     Spirit   .   b - +0 robe
rPois    .         Reflect  .   (helmet restricted)
rElec    .         Harm     .   c - +0 cloak
rCorr    .         Rampage  .   (gloves unavailable)
Will     .....                  (boots unavailable)
Stlth    ++++......             (no amulet)
HPRegen  0.07/turn              (no ring)
MPRegen  0.09/turn              (no ring)

@: very quick
A: very small, no large weapons, unfitting armour, see invisible, speed 3
a: no special abilities


You were in an ossuary.
You visited 1 branch of the dungeon, and saw 4 of its levels.
You also visited: Ossuary.

You collected 62 gold pieces.
You spent 48 gold pieces at shops.

Inventory:

Hand Weapons
 a - a +2 dagger (weapon)
 g - a +1 dagger of venom
Missiles
 d - 8 poisoned darts (quivered)
 e - 2 curare-tipped darts
 h - 11 sling bullets
 k - 5 stones
 p - 4 atropa-tipped darts
Armour
 b - a +0 robe (worn)
 c - a +0 cloak (worn)
Scrolls
 i - a scroll of teleportation {unknown}
 j - a scroll of vulnerability {unknown}
 l - a scroll of identify
 m - a scroll of amnesia {unknown}
 n - a scroll of immolation {unknown}
Potions
 f - a potion of haste
 o - 2 potions of curing {unknown}


   Skills:
 * Level 2.1 Fighting
 + Level 2.3 Short Blades
 + Level 2.0 Throwing
 * Level 2.2 Dodging
 * Level 8.1 Stealth


You had 3 spell levels left.
You didn't know any spells.
Your spell library contained the following spells:

 Spells                   Type           Power      Damage    Failure   Level
 Corpse Rot               Necr/Air       N/A        N/A       45%         2
 Dispel Undead            Necr           0%         3d6       97%         4
 Alistair's Intoxication  Tmut/Pois      0%         N/A       100%        5
 Borgnjor's Vile Clutch   Necr/Erth      0%         N/A       100%        5
 Death Channel            Necr           0%         N/A       100%        6
 Eringya's Noxious Bog    Tmut/Pois      0%         N/A       100%        6


Dungeon Overview and Level Annotations

Branches:
Dungeon (6/15)            Ossuary (1/1)
 Temple: D:4-7

Altars:

Shops:
D:2 *


Innate Abilities, Weirdness & Mutations

You are very small and have problems with some larger weapons.
You are too small for most types of armour.
You have supernaturally acute eyesight. (SInv)
You cover ground extremely quickly. (Speed+++)


Message History

You hit the mummy but do no damage.
There is an open door here.
You hit the mummy.
The mummy is lightly damaged.
You hit the mummy but do no damage.
The mummy is lightly damaged.
The mummy barely misses you.
You hit the mummy but do no damage.
The mummy is lightly damaged.
You hit the mummy but do no damage.
The mummy is lightly damaged.
The mummy misses you.
You hit the mummy but do no damage.
The mummy is lightly damaged.
You hit the mummy but do no damage.
The mummy is lightly damaged.
The mummy hits you!
Ouch! That really hurt!
You hit the mummy but do no damage.
The mummy is lightly damaged.
You hit the mummy but do no damage.
The mummy is lightly damaged.
The mummy barely misses you.
You hit the mummy but do no damage.
The mummy is lightly damaged.
You hit the mummy but do no damage.
The mummy is lightly damaged.
The mummy completely misses you.
You hit the mummy.
The mummy is lightly damaged.
You completely miss the mummy.
The mummy is lightly damaged.
The mummy barely misses you.
You barely miss the mummy.
The mummy is lightly damaged.
Your +1 dagger of venom stops dripping with poison.
a - a +2 dagger (weapon)
The mummy hits you!
Ouch! That really hurt!
You die...

##+#
##...####
+..!.M@.##
##...##..##
##+# ##..#
##.# #.#
##'## ###
#...###∩#
+....'..#
#...###∩#


You could see a mummy.

Vanquished Creatures
  Jessica (D:2)
  An adder (D:2)
  2 worms (D:2)
  4 dart slugs
  3 bats
  5 endoplasms
  2 giant cockroaches
  5 goblins
  5 hobgoblins
  2 jackals (D:2)
  A quokka (D:1)
  7 ball pythons
  4 frilled lizards
  A gnoll skeleton (Ossuary)
  2 kobolds (D:2)
  An orc skeleton (Ossuary)
  3 rats (D:1)
49 creatures vanquished.

Notes
Turn   | Place    | Note
-------+----------+-------------------------------------------
     0 | D:1      | styxcanada the Spriggan Brigand began the quest for the
                  | Orb.
     0 | D:1      | Reached XP level 1. HP: 10/10 MP: 2/2
    56 | D:1      | Reached skill level 6 in Stealth
    85 | D:1      | Reached XP level 2. HP: 13/14 MP: 3/3
   330 | D:1      | Found a faded altar of an unknown god.
   575 | D:1      | Reached skill level 7 in Stealth
   686 | D:2      | Reached XP level 3. HP: 18/18 MP: 4/4
   705 | D:2      | Noticed Jessica
   708 | D:2      | Killed Jessica
  1239 | D:2      | Reached XP level 4. HP: 20/23 MP: 5/5
  1922 | D:2      | Reached skill level 8 in Stealth
  2089 | D:2      | Found Tiucu's General Store.
  2102 | D:2      | Bought a scroll of identify for 24 gold pieces
  2102 | D:2      | Bought a scroll of identify for 24 gold pieces
  2410 | D:3      | You fall into a shaft and drop 3 floors!
  2503 | D:6      | Found a sand-covered staircase.
  2508 | Ossuary  | Entered an ossuary
  2545 | Ossuary  | Slain by a mummy

Illustrated notes

Levels and vault maps discovered:
D:1:      onia_arrival_pyramid, layout_loops_ring, basic_ecumenical_altar
D:2:      layout_basic, serial_shops, nicolae_lakefront_shop, roderic_lattice_a,
          uniq_jessica
D:3:      layout_loops_cross
D:6:      layout_loops_corners, enter_ossuary_5
Ossuary:  ossuary_due_small_catacomb

Skill      XL: |  1  2  3  4 |
---------------+-------------+-----
Stealth        | 6 7 8 |  8.1
Fighting       | 2 |  2.1
Dodging        | 2 |  2.2
Short Blades   | |  2.3
Throwing       | |  2.0

Action                   |  1- 3 |  4- 6 || total
-------------------------+-------+-------++-------
Melee: Dagger            |    74 |    58 ||   132
  Use: Scroll            |     2 |     1 ||     3
 Stab: Sleeping          |    16 |     7 ||    23
       Distracted        |       |     1 ||     1
Armor: Robe              |     8 |     5 ||    13
Dodge: Dodged            |    43 |    25 ||    68
